 Dungeon Sprint DCSS version 0.20-a0-1043-gbd57889 (webtiles) character file.

3090 lordofpotatos the Unseen (level 9, -8/54 HPs)
             Began as a Spriggan Assassin on Apr 24, 2017.
             Was a High Priest of Wu Jian.
             Splashed by an acid dragon's acid (9 damage)
             ... in the Dungeon (Sprint V: "Ziggurat Sprint").
             The game lasted 00:12:09 (598 turns).

lordofpotatos the Unseen (Spriggan Assassin)         Turns: 598, Time: 00:12:10

Health: -8/54      AC:  3    Str: 12    XL:     9   Next: 59%
Magic:  10/10      EV: 45    Int: 13    God:    Wu Jian [*****.]
Gold:   0          SH:  0    Dex: 31    Spells: 8/8 levels left

rFire    . . .     SeeInvis +   n - +5 quick blade
rCold    . . .     Gourm    .   (shield restricted)
rNeg     . . .     Faith    .   c - +0 robe
rPois    .         Spirit   .   (helmet restricted)
rElec    .         Reflect  .   d - +0 cloak
rCorr    .         Harm     .   (gloves unavailable)
MR       +....     NoTele   +   (boots unavailable)
Stlth    ++++......             (no amulet)
Regen    0.2/turn               a - +6 ring of dexterity
MPRegen  0.2/turn               x - +4 ring of evasion

@: confused, mighty, agile, very quick
A: unfitting armour, see invisible, herbivore 3, speed 3, slow metabolism 2
a: Serpent's Lash, Heavenly Storm, Renounce Religion


You were in the Dungeon.
You worshipped Wu Jian.
Wu Jian was extremely pleased with you.
You were full.

You visited 1 branch

Inventory:

Hand Weapons
 n - a +5 quick blade (weapon)
Armour
 c - a +0 robe (worn)
 d - a +0 cloak (worn)
Jewellery
 a - a +6 ring of dexterity (left hand)
 x - a +4 ring of evasion (right hand)
Scrolls
 s - 5 scrolls of remove curse
Potions
 h - 2 potions of curing
 i - 6 potions of heal wounds
 j - 5 potions of haste
 k - 7 potions of magic
 l - 3 potions of berserk rage
 u - 2 potions of brilliance
 v - a potion of invisibility
 w - 4 potions of resistance
 z - 3 potions of agility
 A - 3 potions of might
Comestibles
 f - 38 fruits
 g - 5 bread rations


   Skills:
 + Level 9.7 Fighting
 + Level 12.2 Short Blades
 - Level 2.0 Throwing
 + Level 15.2 Dodging
 + Level 17.1 Stealth


You had 8 spell levels left.
You didn't know any spells.

Dungeon Overview and Level Annotations

Branches:
Dungeon (1/1)

Altars:
Ashenzari
Cheibriados
Dithmenos
Elyvilon
Fedhas
Gozag
Hepliaklqana
Kikubaaqudgha
Makhleb
Nemelex Xobeh
Okawaru
Qazlal
Ru
Sif Muna
Trog
Uskayaw
Vehumet
Wu Jian
Xom
Yredelemnul
Zin
The Shining One
Beogh
Jiyva
Lugonu


Innate Abilities, Weirdness & Mutations

You are very small and have problems with some larger weapons.
You are too small for most types of armour.
You have supernaturally acute eyesight. (SInv)
You are a herbivore.
You cover ground extremely quickly.
You need consume almost no food.


Message History

You puncture the swamp drake!
You kill the swamp drake!
The Council accepts your kill.
You can now summon a storm of heavenly clouds to empower your attacks.
You are engulfed in noxious fumes.
You choke on the stench!
You are more confused.
You puncture the swamp drake!
The swamp drake is severely wounded.
You are no longer corroded.
The swamp drake breathes noxious fumes at you.
The noxious blast misses you.
You miss the swamp drake.
The swamp drake is severely wounded.
You are engulfed in noxious fumes.
* * * LOW HITPOINT WARNING * * *
The acid dragon spits acid at you. The splash of acid hits you!
* * * LOW HITPOINT WARNING * * *
You are splashed with acid!
The acid burns!
You die...

▓........▓........▓
▓▓▓▓▓▓▓▓▓▓▓▓▓▓▓▓▓▓▓
▓..8©8..▓ ▓..))|..▓
▓..|}}..▓ ▓.......▓
▓..§....▓ ▓...§kk.▓
▓..kk@§.▓ ▓...D§§.▓
▓.......▓ ▓▓▓▓▓▓▓▓▓


You could see 2 rime drakes, 2 swamp drakes and an acid dragon.

Vanquished Creatures
  A mummy priest (D)
  4 draconians (D)
  2 slime creatures (D)
  A golden eye (D)
  A swamp drake (D)
  2 jellies (D)
  An orc priest (D)
  2 orc wizards (D)
  4 mummies (D)
  A bat skeleton (D)
19 creatures vanquished.

Notes
Turn   | Place    | Note
-------+----------+-------------------------------------------
     0 | D        | lordofpotatos the Spriggan Assassin began the quest for the Orb.
     0 | D        | Reached XP level 1. HP: 10/10 MP: 2/2
     0 | D        | Found a blossoming altar of Fedhas.
     1 | D        | Found a viscous altar of Jiyva.
     1 | D        | Found an ancient bone altar of Kikubaaqudgha.
     1 | D        | Found a hazy altar of Hepliaklqana.
     1 | D        | Found a corrupted altar of Lugonu.
     1 | D        | Found an opulent altar of Gozag.
     1 | D        | Found a burning altar of Makhleb.
    20 | D        | Found a stormy altar of Qazlal.
    20 | D        | Found a sacrificial altar of Ru.
    20 | D        | Found an iron altar of Okawaru.
    20 | D        | Found a deep blue altar of Sif Muna.
    20 | D        | Found a sparkling altar of Nemelex Xobeh.
    20 | D        | Found a bloodstained altar of Trog.
    40 | D        | Reached skill level 5 in Dodging
    40 | D        | Reached skill level 8 in Stealth
    40 | D        | Reached XP level 2. HP: 16/16 MP: 3/3
    49 | D        | Became a worshipper of the Wu Jian Council
    63 | D        | Entered arena 1.
    88 | D        | Entered arena 2.
    93 | D        | Reached * piety under Wu Jian
    93 | D        | Reached skill level 5 in Short Blades
    93 | D        | Reached skill level 9 in Stealth
    93 | D        | Reached XP level 3. HP: 17/21 MP: 4/4
    94 | D        | Reached XP level 4. HP: 21/25 MP: 5/5
    95 | D        | Reached skill level 10 in Stealth
   148 | D        | Entered arena 3.
   148 | D        | Noticed a draconian
   148 | D        | Noticed a draconian
   148 | D        | Noticed a draconian
   148 | D        | Noticed a draconian
   154 | D        | Killed a draconian
   154 | D        | Reached ** piety under Wu Jian
   154 | D        | Reached skill level 10 in Dodging
   154 | D        | Reached skill level 12 in Stealth
   154 | D        | Reached XP level 5. HP: 32/32 MP: 6/6
   154 | D        | Reached XP level 6. HP: 37/37 MP: 7/7
   158 | D        | Killed a draconian
   158 | D        | Reached skill level 13 in Stealth
   158 | D        | Reached XP level 7. HP: 42/42 MP: 8/8
   165 | D        | Killed a draconian
   165 | D        | Reached skill level 10 in Short Blades
   165 | D        | Reached skill level 14 in Stealth
   165 | D        | Reached XP level 8. HP: 45/47 MP: 9/9
   176 | D        | Killed a draconian
   176 | D        | Reached *** piety under Wu Jian
   176 | D        | Reached skill level 15 in Stealth
   185 | D        | Entered arena 4.
   185 | D        | Noticed a mummy priest
   188 | D        | Killed a mummy priest
   188 | D        | Reached skill level 16 in Stealth
   188 | D        | Reached XP level 9. HP: 28/53 MP: 10/10
   195 | D        | Reached **** piety under Wu Jian
   353 | D        | Entered arena 5.
   383 | D        | HP: 1/53 [large slime creature (30)]
   515 | D        | Reached skill level 15 in Dodging
   536 | D        | Reached skill level 17 in Stealth
   545 | D        | Got the ring of the Trilobite {MR+ Int+2 Dex+2 SInv}
   556 | D        | Entered arena 6.
   556 | D        | Noticed a rime drake
   556 | D        | Noticed a rime drake
   596 | D        | Reached ***** piety under Wu Jian
   598 | D        | HP: 1/54 [acid dragon/splash of acid (15)]
   598 | D        | Splashed by an acid dragon's acid

Vault maps used:
D:        sprint_v

Skill      XL: |  1  2  3  4  5  6  7  8  9 |
---------------+----------------------------+-----
Fighting       | 3 4 6 7 9 |  9.7
Short Blades   | 4 5 8 9 10 11 12 | 12.2
Dodging        | 5 6 7 10 12 14 15 | 15.2
Stealth        | 8 9 12 13 14 16 17 | 17.1
Throwing       | |  2.0

Action                   |  1- 3 |  4- 6 |  7- 9 || total
-------------------------+-------+-------+-------++-------
Melee: Quick blade       |    16 |     8 |   178 ||   202
  Use: Potion            |     2 |     2 |    15 ||    19
 Stab: Sleeping          |     2 |     1 |     2 ||     5
       Invisible         |       |     3 |     4 ||     7
  Eat: Fruit             |       |     4 |       ||     4
Dodge: Dodged            |     4 |       |    95 ||    99
